 Dungeon Crawl Stone Soup version 0.22.1-1-ga44c0e5 (webtiles) character file.

116 Anon1729 the Charlatan (level 4, 0/21 HPs)
             Began as a Spriggan Artificer on Oct 7, 2018.
             Slain by an ogre
             ... wielding a +0 giant spiked club
              (21 damage)
             ... on level 4 of the Dungeon.
             The game lasted 00:04:34 (3163 turns).

Anon1729 the Charlatan (Spriggan Artificer)         Turns: 3163, Time: 00:04:35

Health: 0/21       AC:  2    Str:  8    XL:     4   Next: 70%
Magic:  8/8        EV: 20    Int: 12    God:
Gold:   164        SH:  0    Dex: 17    Spells: 3/3 levels left

rFire    . . .     SeeInvis +   y - +2 hand axe (venom)
rCold    . . .     Gourm    .   (shield restricted)
rNeg     . . .     Faith    .   b - +0 robe
rPois    .         Spirit   .   (helmet restricted)
rElec    .         Reflect  .   (no cloak)
rCorr    +         Harm     .   (gloves unavailable)
MR       .....                  (boots unavailable)
Stlth    +++.......             (no amulet)
HPRegen  0.07/turn              m - ring of resist corrosion
MPRegen  0.11/turn              (no ring)

@: very quick
A: very small, unfitting armour, see invisible, herbivore, speed 3, slow
metabolism 2
a: no special abilities


You were on level 4 of the Dungeon.
You were not hungry.

You visited 1 branch of the dungeon, and saw 4 of its levels.

You collected 164 gold pieces.

Inventory:

Hand Weapons
 a - a +0 short sword
 y - a +2 hand axe of venom (weapon)
Armour
 b - a +0 robe (worn)
Jewellery
 m - a ring of resist corrosion (left hand)
 t - an uncursed ring of fire
Wands
 c - a wand of flame (8)
 d - a wand of enslavement (15)
 e - a wand of random effects (15)
Scrolls
 g - 3 scrolls of noise {unknown}
 h - 2 scrolls of identify {unknown}
 j - 2 scrolls of fear {unknown}
 k - a scroll of blinking {unknown}
 l - a scroll of amnesia {unknown}
 q - a scroll of remove curse {unknown}
 v - 2 scrolls of teleportation {unknown}
 w - 2 scrolls of fog {unknown}
 x - a scroll of random uselessness {unknown}
Potions
 i - a potion of heal wounds
 n - a potion of ambrosia {unknown}
 o - a potion of mutation {unknown}
 p - a potion of magic {unknown}
 r - a potion of flight {unknown}
 s - a potion of degeneration {unknown}
 u - 2 potions of resistance {unknown}
 z - 3 potions of curing {unknown}
Comestibles
 f - 8 rations


   Skills:
 - Level 0.7 Fighting
 * Level 2.5 Short Blades
 * Level 4.4 Dodging
 * Level 3.8 Stealth
 * Level 5.0 Evocations


You had 3 spell levels left.
You didn't know any spells.
Your spell library was empty.

Dungeon Overview and Level Annotations

Branches:
Dungeon (4/15)
 Temple: D:4-7

Altars:
Dithmenos
Uskayaw


Innate Abilities, Weirdness & Mutations

You are very small and have problems with some larger weapons.
You are too small for most types of armour.
You have supernaturally acute eyesight. (SInv)
You are a herbivore.
You cover ground extremely quickly.
You need to consume almost no food.


Message History

Found two stone staircases leading down.
There is a stone staircase leading up here.
Wield which item (- for none, * to show all)? (? for menu, Esc to quit)
Your +2 hand axe of venom stops dripping with poison.
a - a +0 short sword (weapon)
Wield which item (- for none, * to show all)? (? for menu, Esc to quit)
Your +2 hand axe of venom begins to drip with poison!
y - a +2 hand axe of venom (weapon)
You slash the ogre!
The ogre is moderately wounded.
The ogre misses you.
You hit the ogre.
The ogre is heavily wounded.
The ogre closely misses you.
You hit the ogre.
The ogre is heavily wounded.
You barely miss the scorpion. The scorpion closely misses you.
The ogre hits you with a giant spiked club!!
Ouch! That really hurt!
You die...

#.........#
#.#....... .
........# .#
#
.......#...
#.#......#.
#........#
#...Os...##
#@....#
#......#...#
#......>
.....
#......>.
....
#.########
... # .? .


You could see an ogre and a scorpion.

Vanquished Creatures
  A worker ant zombie (D:3)
  5 adders
  A dart slug (D:1)
  A leopard gecko (D:1)
  5 orcs (D:3)
  A ball python (D:2)
  6 giant cockroaches
  6 goblins
  A hobgoblin (D:2)
  8 bats
  7 frilled lizards
  7 kobolds
  7 rats
56 creatures vanquished.

Notes
Turn   | Place    | Note
-------+----------+-------------------------------------------
     0 | D:1      | Anon1729 the Spriggan Artificer began the quest for the
                  | Orb.
     0 | D:1      | Reached XP level 1. HP: 9/9 MP: 4/4
   235 | D:2      | Reached XP level 2. HP: 4/14 MP: 6/6
   740 | D:1      | Reached XP level 3. HP: 15/17 MP: 7/7
  1977 | D:3      | Found a shadowy altar of Dithmenos.
  1993 | D:3      | Reached XP level 4. HP: 18/21 MP: 8/8
  2428 | D:3      | Reached skill level 5 in Evocations
  2709 | D:3      | Found a hide-covered altar of Uskayaw.
  3158 | D:4      | Noticed an ogre
  3163 | D:4      | Slain by an ogre

Skill      XL: |  1  2  3  4 |
---------------+-------------+-----
Stealth        | 2 3 |  3.8
Short Blades   | 2 |  2.5
Dodging        | 4 |  4.4
Evocations     | 5 |  5.0
Fighting       | |  0.7

Action                   |  1- 3 |  4- 6 || total
-------------------------+-------+-------++-------
Melee: Short sword       |   128 |    49 ||   177
       Hand axe          |       |    15 ||    15
Evoke: Wand              |     4 |     3 ||     7
  Use: Potion            |       |     1 ||     1
 Stab: Sleeping          |     9 |     4 ||    13
Armor: Robe              |    18 |     3 ||    21
Dodge: Dodged            |   102 |    63 ||   165
